General information
- name: BNet
- type: Ladder 1vs1/FFA
- host: Battle.net
- saver: ROTS19
map: SecretValley
- players: 2
- length: 19:43
- speed: Fast
- version: 1.24 W3XP
- replay type: Public
» download(58 KB)
Players
team 1 (loser)

»
Obama_Dumb (
blue | 30 APM | 587 actions | 19:42)
4 Blood Mage
2 Flame Strike
1 Siphon Mana
1 Banish
1 Mountain King
1 Bash
» actions
| Build / train | 67 | |
| Enter build submenu | 21 | |
| Enter hero's abilities submenu | 5 | |
| Right click | 202 | |
| Select / deselect | 257 | |
| Use ability | 35 | |
587 total
» units
| Peasant | 10 | |
| Footman | 8 | |
| Rifleman | 14 | |
| Priest | 6 | |
| Sorceress | 3 | |
41 total
» upgrades
| Gunpowder | 2 | |
| Armor | 3 | |
| Long Rifles | 1 | |
| Defend | 1 | |
| Priest Training | 2 | |
| Sorceress Training | 2 | |
11 total
» buildings
| Altar of Kings | 1 | |
| Farm | 8 | |
| Lumber Mill | 1 | |
| Barracks | 2 | |
| Scout Tower | 6 | |
| Guard Tower | 5 | |
| Keep | 1 | |
| Blacksmith | 1 | |
| Arcane Sanctum | 1 | |
| Castle | 1 | |
27 total
» build order
00:09 Altar of Kings
00:15 Farm
01:03 Lumber Mill
01:14 Farm
01:41 Barracks
02:00 Scout Tower
03:09 Guard Tower
03:13 Barracks
03:18 Farm
03:35 Keep
03:54 Blacksmith
04:00 Scout Tower
04:39 Guard Tower
04:46 Farm
05:25 Farm
05:51 Farm
06:17 Arcane Sanctum
06:36 Farm
06:42 Farm
09:11 Scout Tower
09:17 Scout Tower
09:46 Guard Tower
09:56 Guard Tower
13:38 Scout Tower
15:28 Castle
17:06 Scout Tower
18:18 Guard Tower
team 2 (winner)

»
ROTS19 (
purple | 80 APM | 1577 actions | 19:43)
5 Dark Ranger
3 Black Arrow
2 Silence
3 Priestess of the Moon
2 Trueshot Aura
1 Searing Arrows
2 Goblin Tinker
1 Pocket Factory
1 Engineering Upgrade
» actions
| Assign group hotkey | 50 | |
| Basic commands | 119 | |
| Build / train | 78 | |
| Enter build submenu | 17 | |
| Enter hero's abilities submenu | 10 | |
| Give item / drop item | 4 | |
| Right click | 588 | |
| Select / deselect | 460 | |
| Select group hotkey | 188 | |
| Use ability | 62 | |
1577 total
» units
| Wisp | 26 | |
| Archer | 6 | |
| Huntress | 2 | |
| Dryad | 3 | |
| Druid of the Claw | 9 | |
46 total
» upgrades
| Ultravision | 1 | |
| Strength of the Wild | 2 | |
| Druid of the Claw Training | 2 | |
| Mark of the Claw | 1 | |
| Well Spring | 1 | |
7 total
» buildings
| Altar of Elders | 1 | |
| Ancient of War | 1 | |
| Moon Well | 7 | |
| Ancient of Wonders | 2 | |
| Hunter's Hall | 1 | |
| Tree of Ages | 1 | |
| Ancient Protector | 1 | |
| Ancient of Lore | 2 | |
| Tree of Life | 1 | |
| Tree of Eternity | 2 | |
19 total
» build order
00:06 Altar of Elders
00:10 Ancient of War
00:16 Moon Well
02:50 Ancient of Wonders
03:47 Moon Well
04:53 Moon Well
05:28 Hunter's Hall
05:32 Moon Well
06:21 Tree of Ages
07:37 Ancient Protector
08:43 Ancient of Lore
08:48 Tree of Life
08:53 Ancient of Lore
09:34 Moon Well
09:46 Tree of Eternity
09:46 Tree of Eternity
14:06 Moon Well
16:19 Ancient of Wonders
16:24 Moon Well
» items
| Potion of Healing | 4 | |
| Staff of Preservation | 2 | |
| Scroll of Town Portal | 1 | |
7 total
Chat log
(00:20 / All) ROTS19: hello
(00:28 / All) Obama_Dumb: HELLO
(02:21 / All) ROTS19: crap
(02:22 / All) ROTS19: wasminimized
(13:10 / All) ROTS19: gg
(15:35 / All) ROTS19: lost way too many bears there :(
(15:44 / All) ROTS19: gotta be quicker with that rejuvv